 Dungeon Crawl Stone Soup version 0.26.1-11-gd32895ea62 (webtiles) character file.

Game seed: 495493411930992343

315 Zeld the Chiller (level 6, 0/50 HPs)
             Began as a Draconian Ice Elementalist on June 7, 2021.
             Slain by a gnoll
             ... wielding a +0 whip
              (9 damage)
             ... on level 6 of the Dungeon.
             The game lasted 00:04:23 (3099 turns).

Zeld the Chiller (Draconian Ice Elementalist)       Turns: 3099, Time: 00:04:23

Health: 0/50       AC:  7    Str: 10    XL:     6   Next: 19%
Magic:  3/11       EV: 13    Int: 18    God:
Gold:   156        SH:  0    Dex: 11    Spells: 5/12 levels left

rFire    . . .     SeeInvis .   (no weapon)
rCold    . . .     Faith    .   (no shield)
rNeg     . . .     Spirit   .   (armour unavailable)
rPois    .         Reflect  .   (helmet restricted)
rElec    .         Harm     .   (no cloak)
rCorr    .         Rampage  .   (no gloves)
Will     .....                  b - +0 pair of boots
Stlth    +.........             (no amulet)
HPRegen  0.16/turn              (no ring)
MPRegen  0.12/turn              (no ring)

@: glowing
A: unfitting armour, cold-blooded, AC +6
a: no special abilities


You were on level 6 of the Dungeon.
You visited 1 branch of the dungeon, and saw 4 of its levels.

You collected 156 gold pieces.

Inventory:

Armour
 b - a +0 pair of boots (worn)
Scrolls
 a - 8 scrolls of teleportation {unknown}
 c - a scroll of immolation {unknown}
 d - a scroll of identify {unknown}
 e - 2 scrolls of enchant weapon {unknown}
 g - 2 scrolls of fear {unknown}
 l - a scroll of blinking {unknown}
Potions
 f - a potion of mutation {unknown}
 h - 2 potions of haste {unknown}
 i - 2 potions of curing {unknown}
 j - a potion of magic {unknown}
 k - a potion of heal wounds {unknown}
 m - a potion of degeneration {unknown}


   Skills:
 + Level 2.6 Fighting
 + Level 2.8 Dodging
 - Level 1.7 Stealth
 * Level 3.8 Spellcasting
 * Level 5.3 Ice Magic


You had 5 spell levels left.
You knew the following spells:

 Your Spells              Type           Power        Failure   Level
a - Freeze                Ice            88%          1%          1
b - Frozen Ramparts       Ice            44%          4%          3
c - Ozocubu's Armour      Ice            22%          4%          3

Your spell library contained the following spells:

 Spells                   Type           Power        Failure   Level
 Hailstorm                Conj/Ice       13%          45%         4
 Summon Ice Beast         Ice/Summ       13%          45%         4


Dungeon Overview and Level Annotations

Branches:
Dungeon (3/15)

Altars:
Dithmenos
Ru
Vehumet

Annotations:
D:6 Grinder


Innate Abilities, Weirdness & Mutations

Your plain brown scales are hard. (AC +6)
You cannot fit into any form of body armour.
You are cold-blooded and may be slowed by cold attacks.


Message History

An iguana comes into view.
The gnoll shaman calls down the wrath of its god upon you.
You are outlined in light.
Found a tourmaline ring.
Found a stone staircase leading down.
Unknown command.
The iguana hisses angrily.
You see here a tourmaline ring.
Found 15 gold pieces.
Found 15 gold pieces and 26 arrows.
Found a stone staircase leading down.
You see here 26 arrows.
The gnoll shaman prays to its god.
The gnoll shaman is healed somewhat.
Grinder comes into view.
Grinder shouts!
The gnoll shaman hits you with a +0 whip.
* * * LOW HITPOINT WARNING * * *
The gnoll shaman hits you with a +0 whip.
* * * LOW HITPOINT WARNING * * *
The gnoll hits you with a +0 whip!
You die...

# #####.######g#
.
#.#............#
.
#.#$#.#.######.#
.
#$.........glg>#
####.....########
........g.#
.##...gl##
##..gg########
##.#.@.......
#.##########
....5.5.#
#..######


You could see a gnoll shaman, an iguana and 3 gnolls.

Vanquished Creatures
  An ogre (D:6)
  A scorpion (D:2)
  Jessica (D:2)
  Terence (D:3)
  An iguana (D:6)
  2 gnolls (D:6)
  3 adders (D:3)
  A dart slug (D:1)
  A leopard gecko (D:2)
  A ball python (D:2)
  12 bats
  A giant cockroach (D:1)
  6 goblins
  6 hobgoblins
  4 jackals (D:1)
  2 quokkas (D:3)
  3 frilled lizards
  11 kobolds
  4 rats
62 creatures vanquished.

Notes
Turn   | Place    | Note
-------+----------+-------------------------------------------
     0 | D:1      | Zeld the Draconian Ice Elementalist began the quest for the
                  | Orb.
     0 | D:1      | Reached XP level 1. HP: 14/14 MP: 3/3
     1 | D:1      | Found a shadowy altar of Dithmenos.
   275 | D:1      | Reached XP level 2. HP: 15/22 MP: 1/5
   629 | D:1      | You fall into a shaft and drop 1 floor!
   630 | D:2      | Noticed Jessica
   654 | D:2      | Killed Jessica
   655 | D:2      | Reached skill level 1 in Fighting
   655 | D:2      | Reached XP level 3. HP: 24/28 MP: 2/6
   661 | D:2      | Learned a level 3 spell: Frozen Ramparts
   665 | D:2      | Learned a level 3 spell: Ozocubu's Armour
  1427 | D:1      | Reached XP level 4. HP: 35/35 MP: 6/8
  2080 | D:2      | Found a radiant altar of Vehumet.
  2364 | D:3      | Found a sacrificial altar of Ru.
  2533 | D:3      | Noticed Terence
  2551 | D:3      | Killed Terence
  2552 | D:3      | Reached XP level 5. HP: 22/41 MP: 3/9
  2877 | D:3      | Reached skill level 5 in Ice Magic
  3050 | D:3      | You fall into a shaft and drop 3 floors!
  3051 | D:6      | Noticed an ogre
  3064 | D:6      | Killed an ogre
  3065 | D:6      | Reached XP level 6. HP: 20/50 MP: 0/11
  3095 | D:6      | Noticed Grinder
  3099 | D:6      | Slain by a gnoll

Illustrated notes

Levels and vault maps discovered:
D:1:      sevenhm_arrival_forest_fort_small_6, layout_basic
D:2:      layout_rooms, vehumet_crystals, uniq_jessica
D:3:      layout_basic, lemuel_round_altar, marbit_many_paths,
          chequers_serial_rivers_small_b, mrwooster_statue_mirror, uniq_terence
D:6:      layout_loops_ring, nicolae_overflow_hidden_temple, minitemple,
          gup_sewer_entry_bubbles, uniq_grinder

Skill      XL: |  1  2  3  4  5 |
---------------+----------------+-----
Dodging        | 2 |  2.8
Fighting       | 1 2 |  2.6
Spellcasting   | 3 |  3.8
Ice Magic      | 5 |  5.3
Stealth        | |  1.7

Action                   |  1- 3 |  4- 6 || total
-------------------------+-------+-------++-------
Melee: Unarmed           |    61 |     5 ||    66
       Tailslap          |     4 |       ||     4
 Cast: Freeze            |    44 |    25 ||    69
       Frozen Ramparts   |     1 |    10 ||    11
       Ozocubu's Armour  |       |     2 ||     2
Armor: Skin              |    46 |    14 ||    60
Dodge: Dodged            |    94 |    24 ||   118
